 Dungeon Crawl Stone Soup version 0.19.0-2-gae57169 (webtiles) character file.

1556 Gargoyl the Agent of Entropy (level 8, -8/61 HPs)
             Began as a Demonspawn Abyssal Knight on Nov 4, 2016.
             Was a Priest of Lugonu.
             Mangled by an orc warrior
             ... wielding a +0 scimitar of holy wrath
              (9 damage)
             ... on level 6 of the Dungeon.
             The game lasted 00:11:50 (5276 turns).

Gargoyl the Agent of Entropy (DsAK)                 Turns: 5276, Time: 00:11:50

Health: -8/61      AC: 15    Str: 15    XL:     8   Next: 58%
Magic:  12/12      EV:  9    Int: 14    God:    Lugonu [***...]
Gold:   433        SH:  0    Dex: 12    Spells: 0 memorised, 7 levels left

rFire  . . .     SeeInvis .     b - +0 war axe
rCold  + . .     Gourm    .     A - +0 pearl dragon scales
rNeg   + + .     Faith    .     (no shield)
rPois  .         Spirit   .     (helmet restricted)
rElec  .         Reflect  .     k - +0 cloak
rCorr  +         Harm     .     j - +0 pair of gloves
MR     .....                    (no boots)
Stlth  ..........               m - amulet of regeneration
                                r - ring of positive energy
                                f - ring of resist corrosion

@: no status effects
A: hooves 1, horns 1, cold resistance 1, powered by death 2, freezing cloud
immunity
a: Depart the Abyss, Bend Space, Banish, Renounce Religion


You were on level 6 of the Dungeon.
You worshipped Lugonu.
Lugonu was most pleased with you.
You were not hungry.

You visited 1 branch of the dungeon, and saw 7 of its levels.
You visited the Abyss 1 time.

You collected 433 gold pieces.

Inventory:

Hand Weapons
 a - a +2 hand axe
 b - a +0 war axe (weapon)
Armour
 j - a +0 pair of gloves (worn)
 k - a +0 cloak (worn)
 A - +0 pearl dragon scales (worn)
Jewellery
 f - a ring of resist corrosion (left hand)
 m - an amulet of regeneration (around neck)
 r - a ring of positive energy (right hand)
Wands
 t - a wand of polymorph (19/24)
 w - a wand of slowing (30/48)
Scrolls
 d - 2 scrolls of recharging
 h - a scroll of magic mapping
 o - 2 scrolls of remove curse
 x - a scroll of amnesia
Potions
 g - a potion of degeneration
 n - 3 potions of curing
Books
 v - a book of Necromancy

   Spells                             Type                      Level
   a - Pain                           Necromancy                   1
   b - Animate Skeleton               Necromancy                   1
   c - Vampiric Draining              Necromancy                   3
   d - Regeneration                   Charms/Necromancy            3
   e - Animate Dead                   Necromancy                   4
   f - Control Undead                 Necromancy                   4
Comestibles
 c - 3 bread rations
 i - a meat ration
 q - a beef jerky
 s - 2 slices of pizza
 u - 3 fruits


   Skills:
 + Level 4.7 Fighting
 + Level 6.0 Axes
 * Level 5.8 Armour
 + Level 1.9 Dodging
 + Level 1.1 Stealth
 * Level 6.1 Invocations


You had 7 spell levels left.
You didn't know any spells.

Dungeon Overview and Level Annotations

Branches:
Dungeon (7/15)             Temple (0/1) D:5

Altars:
Nemelex Xobeh


Innate Abilities, Weirdness & Mutations

You have large cloven feet.
You have a pair of small horns on your head.
Your flesh is cold resistant. (rC+)
You regenerate health from kills.
You are immune to freezing clouds.


Message History

The orc hits you but does no damage.
Unknown command.
You hit the ogre. Your kick misses the ogre. Your headbutt misses the ogre.
The ogre is almost dead.
You barely miss the orc. You hit the orc warrior. The orc closely misses you.
The orc warrior barely misses you.
The ogre hits you with a giant spiked club.
* * * LOW HITPOINT WARNING * * *
Unknown command.
You slash the ogre!
You kill the ogre!
Lugonu accepts your kill.
Your Axes skill increases to level 6!
Your Invocations skill increases to level 6!
You completely miss the orc. You hit the orc warrior.
The orc closely misses you.
The orc warrior hits you with a scimitar of holy wrath!
* * * LOW HITPOINT WARNING * * *
You convulse!
You die...

#################
#...............#
#...............#
#...............#
+...............#
+###............@).#
..........#####.oo...#
..........# #......#
..........# #......#
..........# #......#
..........# #......#
....##'########........
....#.........#........
....#>........#


You could see an orc warrior and an orc.

Vanquished Creatures
  Grinder (D:6)
  Edmund (D:6)
  A sky beast (D:5)
  The ghost of nikitadem the Cudgeler, an amateur MiBe of Trog (D:3)
  2 ogres
  A bullfrog (D:6)
  4 scorpions (D:4)
  A water moccasin skeleton (D:4)
  4 hounds
  An iguana (D:6)
  3 worker ants
  5 orc wizards
  4 hound skeletons
  A worker ant zombie (D:5)
  3 gnolls (D:5)
  3 adders
  2 oozes (D:2)
  An adder skeleton (D:4)
  An adder zombie (D:6)
  2 worms (D:3)
  3 dart slugs
  4 leopard geckos
  10 orcs
  A ball python (D:2)
  4 giant cockroaches
  8 goblins
  5 hobgoblins
  14 jackals
  9 kobolds
  A quokka (D:5)
  7 bats
  8 frilled lizards
  A jackal skeleton (D:4)
  A leopard gecko skeleton (D:4)
  A leopard gecko zombie (D:5)
  A quokka skeleton (D:5)
  4 rats
  2 fungi (D:4)
126 creatures vanquished.

Notes
Turn   | Place    | Note
-------+----------+-------------------------------------------
     0 | Abyss:1  | Gargoyl the Demonspawn Abyssal Knight began the quest for the Orb.
     0 | Abyss:1  | Reached XP level 1. HP: 18/18 MP: 2/2
    65 | Abyss:1  | Found a corrupted altar of Lugonu.
   112 | Abyss:1  | Noticed an ancient zyme
   120 | Abyss:1  | Noticed a white very ugly thing
   125 | Abyss:1  | Noticed a neqoxec
   131 | Abyss:1  | Noticed a small abomination
   151 | D:1      | Escaped the Abyss
   429 | D:1      | Reached * piety under Lugonu
   433 | D:1      | Gained mutation: Your flesh is cold resistant. (rC+) [demonic ancestry]
   433 | D:1      | Reached XP level 2. HP: 14/24 MP: 3/3
   451 | D:1      | Found a sparkling altar of Nemelex Xobeh.
   910 | D:1      | Reached skill level 1 in Dodging
   925 | D:1      | Reached XP level 3. HP: 29/29 MP: 5/5
  1450 | D:2      | Reached ** piety under Lugonu
  1529 | D:2      | Gained mutation: You regenerate a little health from kills. [demonic ancestry]
  1529 | D:2      | Reached XP level 4. HP: 34/35 MP: 6/6
  2175 | D:3      | Noticed nikitadem's ghost (amateur MiBe)
  2470 | D:4      | Gained mutation: You regenerate health from kills. [demonic ancestry]
  2470 | D:4      | Reached XP level 5. HP: 35/42 MP: 7/7
  2717 | D:4      | Gained mutation: You are immune to freezing clouds. [demonic ancestry]
  2717 | D:4      | Reached XP level 6. HP: 42/48 MP: 7/9
  3342 | D:5      | Entered Level 5 of the Dungeon
  3351 | D:5      | Gained mutation: You have large cloven feet. [demonic ancestry]
  3351 | D:5      | Reached XP level 7. HP: 54/54 MP: 10/10
  3432 | D:5      | Found a staircase to the Ecumenical Temple.
  3614 | D:5      | Reached *** piety under Lugonu
  4617 | D:3      | Killed nikitadem's ghost
  4617 | D:3      | Reached skill level 1 in Stealth
  4617 | D:3      | Reached skill level 5 in Invocations
  4776 | D:6      | Reached skill level 5 in Axes
  4888 | D:6      | Reached skill level 5 in Armour
  4898 | D:6      | Noticed Edmund
  4922 | D:6      | Killed Edmund
  4922 | D:6      | Gained mutation: You have a pair of small horns on your head. [demonic ancestry]
  4922 | D:6      | Reached XP level 8. HP: 52/61 MP: 10/12
  5003 | D:6      | Noticed Grinder
  5249 | D:6      | Killed Grinder
  5276 | D:6      | HP: 1/61 [orc warrior/scimitar of holy wrath (13)]
  5276 | D:6      | Mangled by an orc warrior

Skill      XL: |  1  2  3  4  5  6  7  8 |
---------------+-------------------------+-----
Armour         | 2 3 4 5 |  5.8
Axes           | 2 3 4 5 6 |  6.0
Dodging        | 1 |  1.9
Invocations    | 3 4 5 6 |  6.1
Fighting       | 4 |  4.7
Stealth        | 1 |  1.1

Action                   |  1- 3 |  4- 6 |  7- 9 || total
-------------------------+-------+-------+-------++-------
Melee: Hand axe          |   134 |    18 |       ||   152
       War axe           |       |   136 |   231 ||   367
       Kick              |       |       |    59 ||    59
       Headbutt          |       |       |    14 ||    14
Invok: Depart the Abyss  |     1 |       |       ||     1
  Use: Scroll            |     3 |     8 |     1 ||    12
       Potion            |       |     4 |     4 ||     8
  Eat: Chunk             |     2 |     1 |     8 ||    11
       Bread ration      |       |     1 |       ||     1
Armor: Leather armour    |    56 |     6 |       ||    62
       Ring mail         |       |    61 |       ||    61
       Chain mail        |       |    18 |    78 ||    96
       Pearl dragon scal |       |       |    94 ||    94
       Skin              |       |       |    11 ||    11
Dodge: Dodged            |   116 |   100 |   112 ||   328
